Map: Dusty Gorge

Players

MonstroTown

  • Race: Terran Terran
  • Spawn Location: 9:00

Michael

  • Race: Zerg Zerg
  • League: Gold
  • Spawn Location: 11:00

Cosmocraft - Winner!

  • Race: Terran Terran
  • League: Master
  • Spawn Location: 3:00

USMCtosh - Winner!

  • Race: Zerg Zerg
  • League: Diamond
  • Spawn Location: 5:00

VOD

Have the link to the VOD?

Description

Time

  • Played on: Sept. 16, 2018, 4:36 p.m.
  • Length: 9:11
Show
View Real Time Build Order
Export as new Build Order

MonstroTown Terran 

Build Orders: MMM Bio 

Get SALT Encoding   

  12  0:01  SCV  
  13  0:13  SCV  
  14  0:18  Supply Depot  
  14  0:25  SCV  
  15  0:40  SCV  
  15  0:41  Barracks  
  16  0:52  SCV  
  17  0:58  Barracks  
  18  1:04  SCV  
  18  1:33  Command Center  
  18  1:34  Marine  
  19  1:43  Orbital Command  
  19  1:48  Marine  
  20  1:55  Supply Depot  
  20  2:01  Marine  
  21  2:09  SCV  
  21  2:11  Marine  
  21  2:15  Refinery  
  23  2:19  Marine  
  23  2:21  SCV  
  25  2:28  Refinery  
  25  2:34  Marine  
  25  2:37  Marine  
  25  2:38  SCV  
  27  2:58  SCV  
  27  2:59  Orbital Command  
  28  3:10  Marine  
  29  3:13  Barracks Reactor  
  29  3:19  SCV  
  30  3:20  Factory  
  30  3:29  Marine  
  30  3:31  SCV  
  32  3:37  Barracks  
  32  3:39  Engineering Bay  
  32  3:50  Marine x2  
  34  3:56  Barracks Tech Lab  
  34  4:00  SCV x2  
  36  4:04  Factory Tech Lab  
  36  4:07  Starport  
  36  4:12  SCV x2  
  38  4:22  Stimpack  
  38  4:24  SCV x2  
  40  4:34  Supply Depot  
  40  4:36  SCV x2  
  40  4:37  Refinery  
  42  4:48  Siege Tank  
  42  4:49  Marine  
  46  4:53  Supply Depot  
  46  4:55  Marine  
  46  4:56  Marauder  
  49  5:00  SCV  
  49  5:02  Medivac  
  51  5:13  Marine  
  52  5:17  Terran Infantry Weapons Level 1  
  52  5:20  Marine  
  55  5:21  Marauder, Marine  
  55  5:28  Barracks  
  56  5:29  Barracks  
  56  5:31  Armory  
  56  5:32  Engineering Bay  
  44  5:52  Marine x3  
  47  5:58  Marine  
  48  6:09  Marine  
  49  6:13  Marine x2  
  49  6:15  Widow Mine  
  49  6:16  Marine  
  54  6:26  Combat Shields  
  54  6:33  Starport Reactor  
  54  6:34  Marauder, Marine x2  
  54  6:38  Barracks Tech Lab, Barracks Reactor  
  50  6:52  Marine  
  54  6:54  Siege Tank  
  54  6:55  Marauder  
  54  7:00  Refinery  
  56  7:18  Command Center, Marine x6  
  62  7:29  Marine  
  63  7:34  Medivac  
  63  7:35  Marine  
  68  7:37  Marauder  
  68  7:45  SCV x2  
  68  7:47  Barracks Tech Lab  
  70  8:09  Concussive Shells  
  70  8:13  Supply Depot  
  70  8:14  Supply Depot  
  70  8:15  Supply Depot  
  70  8:17  Supply Depot  
  70  8:30  SCV x2, Marine x7  
  79  8:47  Marine  
  79  8:48  Marine  
Show
View Real Time Build Order
Export as new Build Order

Michael Zerg 

Build Orders: Hatch First 

Get SALT Encoding   

  12  0:01  Drone  
  13  0:08  Drone  
  14  0:17  Overlord  
  14  0:36  Drone x3  
  17  0:47  Drone  
  18  0:59  Hatchery  
  18  1:02  Drone  
  18  1:05  Extractor  
  18  1:09  Drone  
  18  1:22  Spawning Pool  
  17  1:27  Spawning Pool  
  17  1:28  Drone  
  18  1:35  Drone  
  19  1:41  Drone  
  20  1:51  Overlord  
  20  2:13  Queen  
  20  2:14  Queen  
  24  2:16  Zergling x4  
  24  2:20  Metabolic Boost  
  26  2:35  Drone  
  26  2:36  Roach Warren  
  26  2:37  Drone  
  26  2:40  Drone  
  27  2:45  Drone  
  28  2:55  Queen  
  30  2:59  Drone  
  30  3:04  Zergling x2  
  30  3:05  Zergling x2  
  33  3:14  Spine Crawler  
  32  3:27  Drone x4  
  32  3:29  Overlord  
  32  3:33  Overlord  
  36  3:46  Lair  
  36  3:50  Queen  
  36  3:54  Drone  
  40  3:55  Drone  
  40  4:19  Hatchery  
  40  4:22  Roach x2  
  40  4:23  Roach  
  45  4:34  Extractor  
  44  4:38  Spore Crawler, Evolution Chamber  
  44  4:44  Drone x6  
  48  4:48  Glial Reconstitution  
  48  4:58  Drone x3  
  51  5:02  Overlord  
  51  5:05  Overlord  
  51  5:11  Zerg Ground Armor Level 1  
  51  5:17  Overlord  
  51  5:29  Drone x6  
  51  5:32  Extractor x2, Drone  
  51  5:34  Drone  
  57  5:36  Drone  
  57  5:42  Queen  
  60  5:54  Roach  
  60  5:55  Roach x3  
  60  5:56  Roach  
  58  6:04  Roach x2  
  58  6:14  Drone x3  
  61  6:25  Drone  
  61  6:26  Drone x4  
  66  6:36  Drone x5  
  71  6:48  Spore Crawler, Spine Crawler  
  71  6:52  Spine Crawler  
  68  6:55  Spore Crawler, Spine Crawler  
  68  7:01  Drone x3  
  69  7:03  Drone  
  70  7:16  Spire  
  70  7:20  Zergling x8  
  73  7:35  Overlord x2  
  73  7:41  Overlord  
  73  7:42  Overlord  
  73  7:43  Overlord  
  73  7:59  Overlord x3  
  73  8:00  Overlord  
  73  8:03  Drone x2  
  75  8:06  Drone  
  76  8:23  Drone x4  
  76  8:26  Extractor x2, Zergling x12  
  76  8:27  Zergling x2  
  85  8:28  Zergling x2  
Show
View Real Time Build Order
Export as new Build Order

Cosmocraft Terran - Winner!

Build Orders: MMM Bio 

Get SALT Encoding   

  12  0:01  SCV  
  13  0:13  SCV  
  14  0:18  Supply Depot  
  14  0:25  SCV  
  15  0:31  Refinery  
  15  0:40  SCV  
  16  0:49  Barracks  
  16  0:52  SCV  
  17  1:04  SCV  
  18  1:16  SCV  
  20  1:35  Orbital Command  
  20  1:36  Reaper  
  20  1:52  Command Center  
  20  2:01  SCV  
  20  2:06  Barracks  
  21  2:09  Barracks Reactor  
  21  2:13  SCV  
  22  2:24  Supply Depot  
  22  2:25  SCV  
  23  2:38  Refinery  
  23  2:45  SCV  
  23  2:46  Marine x2  
  26  2:51  Supply Depot  
  26  2:52  Barracks Tech Lab  
  26  2:57  SCV  
  27  3:04  Marine  
  27  3:05  Marine  
  29  3:06  SCV  
  30  3:12  Factory  
  30  3:13  SCV  
  31  3:26  Marine x3  
  33  3:28  Stimpack, SCV  
  33  3:30  Orbital Command  
  34  3:34  Supply Depot  
  34  3:41  SCV  
  35  3:45  Marine x3  
  38  3:56  Factory Reactor  
  38  3:57  Starport  
  38  4:01  SCV x2  
  40  4:04  Marine x2  
  40  4:05  Marine  
  43  4:11  Supply Depot  
  43  4:13  SCV  
  43  4:15  SCV  
  45  4:22  Marine  
  46  4:24  Marine  
  46  4:25  SCV, Marine  
  46  4:27  SCV  
  50  4:38  SCV, Supply Depot  
  51  4:39  Medivac, SCV, Supply Depot  
  51  4:42  Medivac  
  51  4:45  Marine x2  
  58  4:46  Marine  
  58  4:50  SCV  
  60  4:53  SCV  
  61  5:01  Factory Tech Lab  
  61  5:02  SCV  
  61  5:05  SCV  
  63  5:07  Marine x3  
  63  5:11  Supply Depot  
  66  5:14  SCV  
  66  5:17  SCV  
  68  5:24  Siege Tank  
  68  5:26  SCV  
  68  5:27  Refinery  
  68  5:28  Refinery  
  72  5:29  SCV  
  72  5:35  Marine x3  
  75  5:38  SCV, Supply Depot  
  75  5:40  Supply Depot  
  77  5:43  Medivac x2  
  77  5:44  SCV, Combat Shields  
  82  5:50  SCV  
  75  6:13  Siege Tank, Medivac  
  75  6:14  SCV x2, Medivac  
  84  6:19  Command Center  
  84  6:22  Supply Depot  
  84  6:24  Engineering Bay x2, Supply Depot  
  84  6:29  Armory  
  84  6:39  Marine x3  
  85  6:45  Siege Tank  
  90  6:50  Barracks  
  90  6:51  Terran Infantry Weapons Level 1  
  90  6:52  Terran Infantry Armor Level 1  
  90  6:57  Marine  
  90  6:58  Barracks  
  90  7:00  Barracks  
  91  7:07  Marine  
  92  7:08  SCV x2  
  92  7:09  Factory  
  92  7:12  Supply Depot  
  94  7:16  Terran Vehicle Weapons Level 1  
  94  7:18  Marine  
  94  7:19  Barracks Reactor  
  95  7:31  Marine  
  95  7:36  Supply Depot, Marine  
  97  7:37  Marine  
  97  7:40  Supply Depot  
  98  7:47  Orbital Command  
  98  7:48  SCV x2, Marine  
  101  7:53  Marine  
  101  7:55  Missile Turret  
  102  8:00  SCV x2, Barracks Reactor  
  102  8:01  Barracks Reactor x2  
  104  8:06  Marine  
  104  8:07  Siege Tank x2, Marine  
  104  8:08  Marine  
  104  8:11  Missile Turret  
  104  8:12  SCV x2  
  115  8:16  Marine  
  115  8:17  Missile Turret  
  116  8:24  SCV x2, Marine  
Show
View Real Time Build Order
Export as new Build Order

USMCtosh Zerg - Winner!

Build Orders: Hatch First 

Get SALT Encoding   

  12  0:01  Drone  
  13  0:12  Overlord  
  13  0:18  Drone  
  14  0:31  Drone x2  
  16  0:37  Drone  
  17  0:51  Drone  
  18  1:00  Hatchery, Drone  
  18  1:08  Drone  
  19  1:17  Drone  
  20  1:20  Extractor  
  20  1:24  Spawning Pool  
  18  1:28  Drone  
  19  1:40  Overlord  
  19  2:04  Drone x2  
  21  2:10  Queen  
  21  2:12  Zergling x2  
  21  2:13  Zergling x2  
  21  2:14  Queen  
  27  2:20  Metabolic Boost  
  27  2:25  Drone x2  
  29  2:35  Drone x2  
  31  2:50  Hatchery  
  30  2:56  Drone x3  
  30  2:57  Drone  
  34  3:09  Overlord x2  
  34  3:18  Drone  
  34  3:19  Drone  
  36  3:23  Roach Warren  
  36  3:25  Drone  
  36  3:29  Drone  
  36  3:30  Drone x2  
  39  3:38  Evolution Chamber  
  39  3:39  Zergling x2, Evolution Chamber  
  39  3:40  Zergling x2  
  39  3:44  Zergling x4  
  41  3:51  Zergling x4  
  43  4:00  Zergling x2  
  43  4:02  Overlord x2  
  44  4:04  Zergling x2  
  44  4:05  Zergling x2  
  46  4:13  Drone  
  46  4:14  Drone x3  
  50  4:20  Queen  
  54  4:31  Roach  
  54  4:32  Roach x4  
  62  4:41  Drone x4  
  62  4:45  Extractor x2  
  65  4:52  Drone x2  
  66  4:54  Overlord x2  
  66  5:15  Lair  
  66  5:17  Zerg Missile Weapons Level 1, Zerg Ground Armor Level 1  
  66  5:19  Roach  
  66  5:20  Zergling x12  
  74  5:25  Drone  
  74  5:28  Drone  
  76  5:37  Roach x3  
  82  5:47  Overlord x2  
  80  5:53  Drone  
  80  5:55  Overlord x2  
  81  6:15  Glial Reconstitution  
  81  6:16  Hatchery  
  81  6:17  Roach x3  
  81  6:18  Roach x2  
  90  6:26  Drone x4  
  90  6:27  Drone x2  
  94  6:45  Extractor  
  93  6:47  Infestation Pit  
  93  6:52  Drone  
  93  6:53  Drone x11  
  104  6:56  Extractor x2  
  104  7:00  Ravager x3  
  104  7:01  Ravager x2  
  107  7:38  Roach  
  107  7:39  Roach x5  
  107  7:41  Overlord x3  
  119  7:49  Hive  
  119  7:56  Overlord x3  
  119  7:58  Queen  
  119  8:03  Drone x3  
  119  8:04  Drone x3  
  119  8:05  Overlord x3  
  127  8:16  Roach x8  
Tags
 
Add a new tag
Caveats
  • Supply blocks, unpowered buildings, or Contaminate may cause inaccurate times.
  • Supply counts are checked every 10 seconds.